 Dungeon Crawl Stone Soup version 0.29-a0-1027-gcd8c55af63 (webtiles) character file.

Game seed: 5121361595244630312

1586 Plasmagod the Cleaver (level 8, 0/59 HPs)
             Began as a Minotaur Fighter on Aug 13, 2022.
             Was a Follower of Hepliaklqana.
             Slain by Prince Ribbit (2 damage)
             ... on level 6 of the Dungeon.
             The game lasted 00:09:07 (4295 turns).

Plasmagod the Cleaver (Minotaur Fighter)            Turns: 4295, Time: 00:09:08

Health: 0/59       AC:  9    Str: 23    XL:     8   Next: 61%
Magic:  7/7        EV:  9    Int:  5    God:    Hepliaklqana [*.....]
Gold:   166        SH:  4    Dex: 10    Spells: 7/7 levels left

rFire   . . .      SeeInvis .   a - +0 war axe
rCold   . . .      Faith    .   c - +0 buckler
rNeg    . . .      Spirit   .   b - +0 scale mail
rPois   +          Reflect  .   (helmet restricted)
rElec   .          Harm     .   (no cloak)
rCorr   .          Rampage  .   u - +0 pair of gloves
Will    .....                   h - +0 pair of boots
Stlth   ..........              (no amulet)
HPRegen 0.19/turn               l - ring of poison resistance
MPRegen 0.10/turn               x - ring of flight

@: flying
A: reduced essence, horns 2, retaliatory headbutt
a: Renounce Religion, Recall Ancestor, Ancestor Identity


You were on level 6 of the Dungeon.
You worshipped Hepliaklqana.
Hepliaklqana was aware of your devotion.
You visited 2 branches of the dungeon, and saw 7 of its levels.
You also visited: Ossuary.

You collected 166 gold pieces.

Inventory:

Hand Weapons
 a - a +0 war axe (weapon)
Missiles
 t - 3 datura-tipped darts (quivered)
Armour
 b - a +0 scale mail (worn)
 c - a +0 buckler (worn)
 h - a +0 pair of boots (worn)
 u - a +0 pair of gloves (worn)
Jewellery
 l - a ring of poison resistance (left hand)
 x - a ring of flight (right hand)
Scrolls
 e - 2 scrolls of vulnerability {unknown}
 f - 5 scrolls of identify {unknown}
 g - 4 scrolls of teleportation {unknown}
 i - a scroll of summoning {unknown}
 k - a scroll of fear {unknown}
 p - 2 scrolls of magic mapping {unknown}
 v - a scroll of poison {unknown}
 w - a scroll of immolation {unknown}
 y - a scroll of amnesia {unknown}
 C - 2 scrolls of butterflies {unknown}
 D - 2 scrolls of enchant weapon {unknown}
 E - 2 scrolls of enchant armour {unknown}
Potions
 d - 3 potions of might
 j - a potion of attraction {unknown}
 m - 2 potions of lignification {unknown}
 n - a potion of degeneration {unknown}
 o - a potion of resistance {unknown}
 q - 2 potions of heal wounds {unknown}
 r - 2 potions of curing {unknown}
 s - a potion of flight {unknown}
 z - a potion of cancellation {unknown}
 A - a potion of berserk rage {unknown}
 B - 2 potions of mutation {unknown}


   Skills:
 - Level 3.6 Fighting
 + Level 13.0 Axes
 - Level 3.6 Armour
 - Level 3.6 Shields


You had 7 spell levels left.
You didn't know any spells.
Your spell library was empty.

Dungeon Overview and Level Annotations

Branches:
Dungeon (6/15)             Temple (1/1) D:4         Ossuary (visited)

Altars:
Ashenzari
Dithmenos
Fedhas
Gozag
Hepliaklqana
Kikubaaqudgha
Makhleb
Nemelex Xobeh
Qazlal
Trog
Uskayaw
Vehumet
Wu Jian
Xom
Zin
The Shining One

Annotations:
D:6 Prince Ribbit


Innate Abilities, Weirdness & Mutations

Your life essence is reduced to manifest your ancestor. (-10% HP)
You have a pair of horns on your head.
You reflexively headbutt those who attack you in melee.


Message History

The hound bites Amurritum.
Amurritum hits the hound.
You barely miss Prince Ribbit.
The hound bites Amurritum.
Prince Ribbit hits you!
Amurritum closely misses the hound.
You completely miss Prince Ribbit.
The hound bites Amurritum.
Prince Ribbit hits you.
The hound bites Amurritum.
Amurritum hits the hound.
Prince Ribbit hits you but does no damage.
You barely miss Prince Ribbit. Your headbutt misses Prince Ribbit.
The hound barely misses Amurritum.
Prince Ribbit hits you!
Amurritum barely misses the hound.
You closely miss Prince Ribbit. Your headbutt misses Prince Ribbit.
The hound barely misses Amurritum.
Prince Ribbit barely misses you.
Amurritum misses the hound.
The hound bites Amurritum.
You closely miss Prince Ribbit.
Prince Ribbit hits you but does no damage.
The hound bites Amurritum but does no damage.
You slash Prince Ribbit!
Prince Ribbit is moderately wounded.
Prince Ribbit hits you.
Amurritum misses the hound.
The hound closely misses Amurritum.
Prince Ribbit hits you!
* * * LOW HITPOINT WARNING * * *
Prince Ribbit attacks as you move away! Prince Ribbit hits you!
* * * LOW HITPOINT WARNING * * *
The hound bites Amurritum.
Amurritum closely misses the hound.
The hound completely misses Amurritum.
Okay, then.
Something closely misses Amurritum.
You block Prince Ribbit's attack.
Amurritum completely misses Prince Ribbit.
Something barely misses Amurritum.
Prince Ribbit attacks as you move away! Prince Ribbit hits you!
* * * LOW HITPOINT WARNING * * *
Prince Ribbit closely misses you.
There is a stone staircase leading down here.
You can't go up here!
The hound barely misses you.
Prince Ribbit hits you but does no damage.
You fly downwards.
Found 10 gold pieces.
There is a stone staircase leading up here.
The hound barely misses you. Prince Ribbit hits you.
You die...

#... ...
...#... # ##
...#.. .#
...#....##.
..........
.........#
#.....F#####.
#.$..@h......
#......######
########


You could see Prince Ribbit and a hound.

Vanquished Creatures
  Pikel (D:5)
  Grinder (D:5)
  A black bear (D:5)
  2 elf zombies (Ossuary)
  2 necrophages (D:4)
  A scorpion (D:5)
  A howler monkey (D:4)
  3 hounds (D:5)
  An orc priest (D:5)
  Natasha (thrice) (D:3)
  2 orc wizards
  A mummy (Ossuary)
  5 adders
  2 worms
  A dart slug (D:1)
  8 orcs
  6 endoplasms
  4 giant cockroaches
  7 goblins
  8 hobgoblins
  10 jackals
  8 kobolds
  6 quokkas
  5 ball pythons
  3 bats
  3 frilled lizards (D:1)
  6 hobgoblin zombies (Ossuary)
  A jackal zombie (Ossuary)
  8 kobold zombies (Ossuary)
  6 orc zombies (Ossuary)
  5 rats
  A rat zombie (Ossuary)
122 creatures vanquished.

Vanquished Creatures (collateral kills)
  A mummy (Ossuary)
  An adder zombie (Ossuary)
  An orc (D:5)
  A goblin zombie (Ossuary)
  5 hobgoblin zombies (Ossuary)
  5 kobold zombies (Ossuary)
  An orc zombie (Ossuary)
15 creatures vanquished.

Vanquished Creatures (others)
  An orc wizard (D:5)
  An ancestor (Ossuary)
  2 fungi (D:4)
  3 plants (D:4)
7 creatures vanquished.

Grand Total: 144 creatures vanquished

Notes
Turn   | Place    | Note
-------+----------+-------------------------------------------
     0 | D:1      | Plasmagod the Minotaur Fighter began the quest for the Orb.
     0 | D:1      | Reached XP level 1. HP: 19/19 MP: 0/0
   167 | D:1      | Reached skill level 3 in Axes
   174 | D:1      | Reached XP level 2. HP: 25/27 MP: 1/1
   575 | D:1      | Reached skill level 4 in Axes
   708 | D:1      | Reached XP level 3. HP: 31/33 MP: 2/2
  1143 | D:2      | Reached skill level 5 in Axes
  1531 | D:3      | Reached XP level 4. HP: 40/40 MP: 3/3
  1605 | D:3      | Noticed Natasha
  1612 | D:3      | Killed Natasha
  1827 | D:3      | Noticed Natasha
  1833 | D:3      | Killed Natasha
  1834 | D:3      | Reached skill level 6 in Axes
  1877 | D:3      | Reached XP level 5. HP: 46/46 MP: 4/4
  1879 | D:3      | Found a shimmering altar of Xom.
  2088 | D:3      | Found a sparkling altar of Nemelex Xobeh.
  2258 | D:3      | Noticed Natasha
  2264 | D:3      | Killed Natasha
  2284 | D:3      | Found a hide-covered altar of Uskayaw.
  2351 | D:4      | Reached skill level 7 in Axes
  2365 | D:4      | Reached XP level 6. HP: 46/52 MP: 5/5
  2512 | D:4      | Reached skill level 8 in Axes
  2512 | D:4      | Found a stormy altar of Qazlal.
  2524 | D:4      | Found a staircase to the Ecumenical Temple.
  2545 | Temple   | Entered the Ecumenical Temple
  2627 | Temple   | Became a worshipper of Hepliaklqana the Forgotten
  2809 | D:4      | Found a blossoming altar of Fedhas.
  2935 | D:5      | Entered Level 5 of the Dungeon
  3028 | D:5      | Reached skill level 9 in Axes
  3151 | D:5      | Noticed Pikel
  3166 | D:5      | Killed Pikel
  3167 | D:5      | Reached skill level 11 in Axes
  3167 | D:5      | Reached XP level 7. HP: 42/58 MP: 6/6
  3282 | D:5      | Noticed Grinder
  3284 | D:5      | Paralysed by Grinder for 3 turns
  3303 | D:5      | Paralysed by Grinder for 3 turns
  3307 | D:5      | Killed Grinder
  3308 | D:5      | Reached XP level 8. HP: 28/66 MP: 7/7
  3561 | D:5      | Found a sand-covered staircase.
  3566 | Ossuary  | Entered an ossuary
  3597 | Ossuary  | Reached * piety under Hepliaklqana
  3683 | Ossuary  | Reached skill level 12 in Axes
  4213 | D:5      | Reached skill level 13 in Axes
  4278 | D:5      | Found a burning altar of Makhleb.
  4278 | D:5      | Noticed Prince Ribbit
  4292 | D:5      | HP: 1/59 [Prince Ribbit (7)]
  4295 | D:6      | Slain by Prince Ribbit

Illustrated notes

Levels and vault maps discovered:
D:1:      erik_arrival_triangle_medium, layout_loops_cross, minmay_heptomino_l4
D:2:      layout_basic
D:3:      layout_basic, lemuel_crystal_altar, nemelex_spade_bored_becter,
          lemuel_coloured_pillars_altar, serial_curves, eino_curves_02,
          eino_curves_04, corexii_corridor_pit, grunt_ministairs_6, uniq_natasha
D:4:      layout_cave_pools, grunt_temple_overflow_forces_of_nature,
          minmay_temple_entry_water_ring
D:5:      layout_basic, makhleb_heckhound_becter, enter_ossuary_2,
          minmay_strange_pillars, uniq_grinder, uniq_prince_ribbit1, uniq_pikel
D:6:      layout_rooms, kennysheep_okawaru_gauntlet
Temple:   eino_wide_crystal_templ

Skill      XL: |  1  2  3  4  5  6  7  8 |
---------------+-------------------------+-----
Axes           | 3 4 5 6 7 11 13 | 13.0
Fighting       | |  3.6
Armour         | |  3.6
Shields        | |  3.6

Action                   |  1- 3 |  4- 6 |  7- 9 || total
-------------------------+-------+-------+-------++-------
Melee: War axe           |    97 |    98 |   107 ||   302
       Headbutt          |    10 |    10 |     8 ||    28
Armor: Scale mail        |    45 |    41 |    41 ||   127
Dodge: Dodged            |    49 |    42 |    28 ||   119
Block: Buckler           |    16 |    21 |    10 ||    47

Table legend: (Time is in decaauts)
 A = Elapsed time spent in this place.
 B = Non-inter-level travel time spent in this place.
 C = Inter-level travel time spent in this place.
 D = Time resting spent in this place.
 E = Time spent auto-exploring this place.
 F = Levels seen in this place.
 G = Mean time per level.
                   A        B        C        D        E       F      G
               +--------+--------+--------+--------+--------+-----+--------+
         Total |   4355 |   4269 |     86 |      0 |   3371 |   8 |  544.4 |
       Dungeon |   3851 |   3777 |     74 |      0 |   3091 |   6 |  641.8 |
        Temple |    112 |    100 |     12 |      0 |     84 |   1 |  112.0 |
       Ossuary |    391 |    391 |      0 |      0 |    196 |   1 |  391.0 |
               +--------+--------+--------+--------+--------+-----+--------+

Top non-repeatable levels by time:
     D:1: 985 daAuts
     D:5: 964 daAuts
     D:3: 826 daAuts
     D:2: 573 daAuts
     D:4: 500 daAuts
 Ossuary: 391 daAuts
  Temple: 112 daAuts
     D:6: 0 daAuts
